 Dungeon Crawl Stone Soup version 0.17-a0-1575-g9a29ec8 (webtiles) character file.

715 karlkraus the Covered (level 7, -2/61 HPs)
             Began as a Minotaur Fighter on July 26, 2015.
             Killed from afar by Sigmund (12 damage)
             ... with a puff of flame
             ... on level 4 of the Dungeon.
             The game lasted 00:08:00 (3292 turns).

karlkraus the Covered (Minotaur Fighter)            Turns: 3292, Time: 00:08:00

Health: -2/61      AC:  7    Str: 23    XL:     7   Next: 41%
Magic:  6/6        EV:  9    Int:  5    God:
Gold:   192        SH: 11    Dex:  9    Spells: 0 memorised, 6 levels left

rFire  x . .     SeeInvis .     a - +0 war axe
rCold  + . .     Clarity  .     b - +0 scale mail
rNeg   . . .     SustAt   .     c - +1 shield
rPois  .         Gourm    .     (helmet restricted)
rElec  .         Spirit   .     (no cloak)
rCorr  .         Warding  .     (no gloves)
rMut   .         Stasis   .     (no boots)
MR     .....                    (no amulet)
Stlth  ..........               j - ring of flight
                                g - ring of ice

@: not resistant to hostile enchantments, extremely unstealthy
A: retaliatory headbutt, horns 2
a: Evoke Flight


You were on level 4 of the Dungeon.
You were very hungry.

You visited 1 branch of the dungeon, and saw 4 of its levels.
You also visited: Sewer.

You collected 192 gold pieces.

Inventory:

Hand weapons
 a - a +0 war axe (weapon)
Armour
 b - a +0 scale mail (worn)
 c - a +1 shield (worn)
Jewellery
 g - a ring of ice (left hand)
 j - a ring of flight (right hand)
Scrolls
 f - 3 scrolls of remove curse
 h - 2 scrolls of teleportation
 k - a scroll of amnesia {unknown}
 m - 2 scrolls of enchant armour
 p - a scroll of magic mapping {unknown}
 q - 2 scrolls of identify {unknown}
Potions
 i - a potion of cancellation {unknown}
 n - a potion of berserk rage {unknown}
 o - 2 potions of agility {unknown}
 r - 2 potions of mutation {unknown}
 s - a potion of invisibility {unknown}
 t - a potion of flight {unknown}
 u - a potion of curing {unknown}
Comestibles
 e - 6 bread rations
 l - a royal jelly


   Skills:
 + Level 5.0 Fighting
 + Level 5.5 Axes
 + Level 5.9 Armour
 + Level 3.4 Dodging
 + Level 0.5 Stealth
 + Level 5.6 Shields


You had 6 spell levels left.
You didn't know any spells.

Dungeon Overview and Level Annotations

Branches:
Dungeon (4/15)
 Temple: D:4-7

Altars:
Gozag
Xom

Annotations:
D:4 Sigmund


Innate Abilities, Weirdness & Mutations

You reflexively headbutt those who attack you in melee.
You have a pair of horns on your head.


Message History

A magic dart appears from out of thin air!
The magic dart hits you!
You miss something. Something hits you.
You closely miss something. Your headbutt misses something. Something hits you!
You closely miss something. Something hits you.
You barely miss something. Something hits you but does no damage.
You miss something. You miss something. You headbutt something.
Something hits you!
You hit something. Something hits you.
* * * LOW HITPOINT WARNING * * *
You hit something but do no damage. Your headbutt misses something.
Something hits you.
* * * LOW HITPOINT WARNING * * *
You miss something. Something hits you.
* * * LOW HITPOINT WARNING * * *
You hit something. You headbutt something.
You hear some strange, mumbled words.
A puff of flame appears from out of thin air!
The puff of flame hits you! The fire burns you terribly!
You die...

####[.#### ##
##....# ..#.
.####...## ...
..##....## ...
#....###.## #..
##..## ##.## #.#
##<.## ##.## #g#
.....## ##.## #{#
......## ##..# #@##
...##..###...###..#
..####............##
.## ##............#
## #..######.###.# #
#.## #.# .# #.# #.#
.# ### #.# .# #.#


You could see a hobgoblin.

Vanquished Creatures
  Grinder (D:4)
  Purgy (Sewer)
  A sky beast (D:3)
  An ogre (D:3)
  A hound (D:3)
  An orc priest (D:3)
  A worker ant (D:4)
  7 adders
  An ooze (D:3)
  5 worms
  A giant gecko (D:3)
  6 orcs (D:3)
  4 giant cockroaches
  7 hobgoblins
  4 jackals (D:2)
  14 kobolds
  A quokka (D:3)
  A ball python (D:3)
  12 bats
  4 giant newts
  17 goblins
  7 rats
98 creatures vanquished.

Vanquished Creatures (others)
  5 sheep (D:3)
  An orc (D:3)
6 creatures vanquished.

Grand Total: 104 creatures vanquished

Notes
Turn   | Place    | Note
--------------------------------------------------------------
     0 | D:1      | karlkraus the Minotaur Fighter began the quest for the Orb.
     0 | D:1      | Reached XP level 1. HP: 19/19 MP: 0/0
   229 | D:1      | Reached XP level 2. HP: 27/27 MP: 1/1
   279 | D:1      | Reached skill level 4 in Armour
   764 | D:2      | Reached XP level 3. HP: 33/33 MP: 2/2
  1067 | D:2      | Reached XP level 4. HP: 30/40 MP: 3/3
  1075 | D:2      | Found an opulent altar of Gozag.
  1166 | D:2      | Reached skill level 1 in Dodging
  1954 | D:3      | Found a glowing drain.
  1962 | Sewer    | Entered a sewer
  1965 | Sewer    | Noticed Purgy
  1979 | Sewer    | Killed Purgy
  1979 | Sewer    | Reached XP level 5. HP: 21/47 MP: 4/4
  2299 | D:3      | Noticed a sky beast
  2314 | D:3      | Killed a sky beast
  2314 | D:3      | Reached skill level 5 in Armour
  2314 | D:3      | Reached XP level 6. HP: 32/53 MP: 5/5
  2398 | D:3      | Found a faded altar to an unknown god.
  2436 | D:3      | Reached skill level 5 in Shields
  2563 | D:3      | Found a shimmering altar of Xom.
  3090 | D:4      | Reached skill level 5 in Axes
  3090 | D:4      | Reached XP level 7. HP: 52/60 MP: 6/6
  3165 | D:4      | Noticed Grinder
  3174 | D:4      | Killed Grinder
  3174 | D:4      | Reached skill level 5 in Fighting
  3276 | D:4      | Noticed Sigmund
  3292 | D:4      | Killed from afar by Sigmund

Vault maps used:
D:1:      dpeg_arrival_circle_labyrinth_c, grunt_decor_cap
D:2:      nicolae_gozag_seed_capital, kennysheep_generic_room_10
D:3:      kb_xom_exploding_sheep, lightli_sewer_entry_pipes, ecumenical_altar_2
D:4:      first_bread, uniq_grinder, uniq_sigmund
Sewer:    kennysheep_door_sewer

Action                   |  1- 3 |  4- 6 |  7- 9 || total
-------------------------+-------+-------+-------++-------
Melee: War axe           |    78 |   149 |    17 ||   244
  Use: Potion            |       |     1 |     1 ||     2
       Scroll            |       |     3 |       ||     3
  Eat: Chunk             |       |     7 |       ||     7
